AoeStats
← ReynaldDeZureich

Arabia

510414729Analyzed
1v1 RM · 1d ago on Sep 30, 2026· 38m 53s· 2 players
Game mode
Random Map
Map size
Tiny (2 player)
Population
200
Speed
Normal
Resources
Standard
Victory
Conquest
Starting age
Dark Age
Ending age
Imperial Age
RankedLock teamsTeams togetherTeam positionsShared explorationLock speedFull tech treeHidden civsTurbo modeCheats
Victory
Defeat
🇨🇭 Lithuanians · Switzerland
958
+14
🇨🇴 Ethiopians · Colombia
916
-14
steven_0_8
8:34 Loom
11:05 Feudal Age
20:29 Castle Age
19:53 Scale Mail Armor
20:52 Double-Bit Axe
23:07 Wheelbarrow
23:32 Squires
23:54 Chain Mail Armor
26:51 Forging
27:00 Fletching
30:46 Bodkin Arrow
33:24 Royal Heirs
37:46 Imperial Age
35:33 Arson
38:40 Iron Casting
ReynaldDeZureich
7:19 Loom
9:53 Feudal Age
10:40 Double-Bit Axe
13:49 Scale Barding Armor
18:41 Castle Age
18:12 Horse Collar
20:03 Bow Saw
20:59 Fletching
22:05 Bodkin Arrow
22:24 Heavy Plow
23:05 Stone Mining
24:33 Gold Mining
26:24 Stone Shaft Mining
33:33 Imperial Age
36:38 Bloodlines
36:29 Husbandry
37:19 Elite Leitis
39:33 Chain Barding Armor
39:24 Forging
Connection lost

Rejoining the realm…

Still unreachable

The connection could not be restored.

Session expired

The server has moved on; the page needs a fresh start.